Map: Baie du Roi EC

Players

Sorandom

  • Race: Zerg Zerg
  • League: Diamond
  • Spawn Location: 11:00

TossTerr - Winner!

  • Race: Protoss Protoss
  • League: Diamond
  • Spawn Location: 5:00

VOD

Have the link to the VOD?

Description

Time

  • Played on: April 12, 2019, 10:57 p.m.
  • Length: 3:08
Show
View Real Time Build Order
Export as new Build Order

Sorandom Zerg 

Build Orders: Pool First 

Get SALT Encoding   

  12  0:02  Drone  
  13  0:12  Overlord  
  13  0:21  Drone  
  14  0:31  Drone x2  
  14  0:34  Drone  
  17  0:40  Extractor  
  16  0:45  Drone  
  17  0:53  Spawning Pool  
  16  1:04  Drone  
  16  1:06  Drone  
  18  1:27  Hatchery  
  18  1:30  Drone  
  18  1:40  Zergling x4  
  20  1:53  Spine Crawler  
  19  1:57  Zergling x2  
  20  2:12  Spine Crawler  
  18  2:30  Queen  
  20  2:37  Spine Crawler  
  19  2:50  Zergling x6  
Show
View Real Time Build Order
Export as new Build Order

TossTerr Protoss - Winner!

Build Orders:  

Get SALT Encoding   

  1  0:00  Probe  
  12  0:05  Probe  
  14  0:15  Probe  
  15  0:24  Pylon  
  15  0:42  Probe  
  16  0:50  Forge  
  16  1:06  Pylon  
  16  1:19  Probe  
  17  1:32  Photon Cannon  
  17  1:43  Pylon  
  17  1:45  Gateway  
  17  2:07  Photon Cannon  
  17  2:08  Photon Cannon  
  17  2:12  Photon Cannon  
  17  2:14  Pylon  
  17  2:18  Gateway  
  16  2:28  Gateway  
  16  2:35  Pylon  
  16  2:43  Photon Cannon  
Tags
 
Matchup
PvZ
Opening
Pool First
Replay Pack
Pack
Spawn Locations
Cross Positions
Add a new tag
Caveats
  • Supply blocks, unpowered buildings, or Contaminate may cause inaccurate times.
  • Supply counts are checked every 10 seconds.